TOP OF THE 1ST |
Portland Angels batting - Pitching for Colorado Avalanche : LHP Glenn Lowther
|
Pitching: LHP Glenn Lowther
|
|
Batting: RHB Daniel Molina
|
0-0: Called Strike 0-1: Ground out 6-3 (Groundball, 6, EV 103.8 MPH)
|
Batting: RHB Brendan Garoutte
|
0-0: Ball 1-0: Ball 2-0: Ball 3-0: Called Strike 3-1: Fly out, F7 (Flyball, 7S, EV 88.8 MPH)
|
Batting: RHB Kyle Gray
|
0-0: Ball 1-0: Swinging Strike 1-1: Swinging Strike 1-2: Strikes out swinging
|
Top of the 1st over - 0 runs, 0 hits, 0 errors, 0 left on base; Portland 0 - Colorado 0 |
BOTTOM OF THE 1ST |
Colorado Avalanche batting - Pitching for Portland Angels : RHP Austin Raymond
|
Pitching: RHP Austin Raymond
|
|
Batting: RHB Matviy Oliynyk
|
0-0: Ball 1-0: SINGLE (Groundball, 6MD, EV 105.0 MPH)
|
Batting: LHB Nick Rooney
|
0-0: Swinging Strike 0-1: Swinging Strike Pickoff Throw by Catcher to First - Error! E2 Matviy Oliynyk to second 0-2: Ball 1-2: Foul Ball, location: 2F 1-2: Ball 2-2: Ground out U3 (Groundball, 34S, EV 81.2 MPH) Matviy Oliynyk to third
|
Batting: SHB Chris Besselman
|
0-0: Ball 1-0: Ball 2-0: Foul Ball, location: 2F 2-1: Ball 3-1: Base on Balls
|
Batting: RHB Eric Delgado
|
0-0: Called Strike 0-1: Ball 1-1: Ball 2-1: Ball 3-1: Base on Balls Chris Besselman to second
|
Batting: LHB Paul McClintock
|
0-0: Swinging Strike 0-1: Ball 1-1: Fly out, F8 (Flyball, 8LD, EV 100.6 MPH) Runner from 3rd tags up, OUT at HOME! 8-2
|
Bottom of the 1st over - 0 runs, 1 hit, 1 error, 2 left on base; Portland 0 - Colorado 0 |
TOP OF THE 2ND |
Portland Angels batting - Pitching for Colorado Avalanche : LHP Glenn Lowther
|
Batting: RHB Dan Myers
|
0-0: DOUBLE (Line Drive, 9LS, EV 90.0 MPH)
|
Batting: LHB Ramon Garduno
|
0-0: Fly out, F8 (Line Drive, 89D, EV 86.9 MPH) Runner from 2nd tags up, SAFE at 3rd, no throw by CF
|
Batting: SHB Danny Gelinas
|
0-0: Swinging Strike 0-1: Foul Ball, location: 2F 0-2: Ball 1-2: Foul Ball, location: 2F 1-2: Foul Ball, location: 2F 1-2: Strikes out swinging
|
Batting: RHB Alex Rosaly
|
0-0: Called Strike 0-1: Swinging Strike 0-2: Ball 1-2: Foul Ball, location: 2F 1-2: Strikes out swinging
|
Top of the 2nd over - 0 runs, 1 hit, 0 errors, 1 left on base; Portland 0 - Colorado 0 |
BOTTOM OF THE 2ND |
Colorado Avalanche batting - Pitching for Portland Angels : RHP Austin Raymond
|
Batting: RHB Mike McElroy
|
0-0: Ball 1-0: Called Strike 1-1: Foul Ball, location: 2F 1-2: Ball 2-2: Ball 3-2: Foul Ball, location: 2F 3-2: Base on Balls
|
Batting: RHB Seisaburo Edagawa
|
0-0: Ball 1-0: Ball 2-0: Grounds into double play, 5-4-3 (Groundball, 5, EV 84.4 MPH)
|
Batting: LHB Nick Martin
|
0-0: Ball 1-0: Fly out, F9 (Flyball, 9LD, EV 94.4 MPH)
|
Bottom of the 2nd over - 0 runs, 0 hits, 0 errors, 0 left on base; Portland 0 - Colorado 0 |
TOP OF THE 3RD |
Portland Angels batting - Pitching for Colorado Avalanche : LHP Glenn Lowther
|
Batting: RHB Carlos Gonzales
|
0-0: Called Strike 0-1: Ball 1-1: Foul Ball, location: 2F 1-2: Fly out, F9 (Line Drive, 89M, EV 91.9 MPH)
|
Batting: RHB Mario Martinez
|
0-0: Ground out 6-3 (Groundball, 6, EV 106.2 MPH)
|
Batting: RHB Daniel Molina
|
0-0: Called Strike 0-1: Foul Ball, location: 2F 0-2: SINGLE (Flyball, 56D, EV 95.6 MPH)
|
Batting: RHB Brendan Garoutte
|
0-0: Ball 1-0: Fly out, F7 (Flyball, 78M, EV 86.9 MPH)
|
Top of the 3rd over - 0 runs, 1 hit, 0 errors, 1 left on base; Portland 0 - Colorado 0 |
BOTTOM OF THE 3RD |
Colorado Avalanche batting - Pitching for Portland Angels : RHP Austin Raymond
|
Batting: LHB Jerry Santana
|
0-0: Called Strike 0-1: SINGLE (Line Drive, 78S, EV 110.6 MPH)
|
Batting: RHB Matviy Oliynyk
|
0-0: SINGLE (Flyball, 89S, EV 91.9 MPH) Jerry Santana to second
|
Batting: LHB Nick Rooney
|
0-0: Called Strike 0-1: Foul Ball, location: 2F 0-2: Ball 1-2: Ball 2-2: Ball 3-2: Base on Balls Jerry Santana to third Matviy Oliynyk to second
|
Batting: SHB Chris Besselman
|
0-0: Ball 1-0: Called Strike 1-1: Swinging Strike 1-2: Ball 2-2: SINGLE (Groundball, 34D, EV 99.4 MPH) Jerry Santana scores Matviy Oliynyk to third Nick Rooney to second
|
Batting: RHB Eric Delgado
|
0-0: Ball 1-0: Foul Ball, location: 2F 1-1: Ball 2-1: Ball 3-1: Called Strike 3-2: Fly out, F8 (Line Drive, 89M, EV 93.1 MPH) Runner from 3rd tags up, SCORES, no throw by CF
|
Batting: LHB Paul McClintock
|
0-0: Ball 1-0: Fly out, F8 (Flyball, 78XD, EV 107.5 MPH) Runner from 2nd tags up, SAFE at 3rd, no throw by CF
|
Batting: RHB Mike McElroy
|
0-0: Called Strike 0-1: Ball 1-1: Ball 2-1: Fly out, F8 (Flyball, 8RD, EV 97.5 MPH)
|
Bottom of the 3rd over - 2 runs, 3 hits, 0 errors, 2 left on base; Portland 0 - Colorado 2 |
TOP OF THE 4TH |
Portland Angels batting - Pitching for Colorado Avalanche : LHP Glenn Lowther
|
Batting: RHB Kyle Gray
|
0-0: Called Strike 0-1: Ball 1-1: Ball 2-1: SINGLE (Groundball, 6M, EV 105.0 MPH)
|
Batting: RHB Dan Myers
|
0-0: Called Strike 0-1: Fly out, F7 (Flyball, 78M, EV 93.8 MPH)
|
Batting: LHB Ramon Garduno
|
0-0: Swinging Strike 0-1: Foul Ball, location: 2F 0-2: Ball 1-2: Grounds into double play, 4-6-3 (Groundball, 34, EV 86.2 MPH)
|
Top of the 4th over - 0 runs, 1 hit, 0 errors, 0 left on base; Portland 0 - Colorado 2 |
BOTTOM OF THE 4TH |
Colorado Avalanche batting - Pitching for Portland Angels : RHP Austin Raymond
|
Batting: RHB Seisaburo Edagawa
|
0-0: Ball 1-0: Ball 2-0: Foul Ball, location: 2F 2-1: Fly out, F7 (Flyball, 78M, EV 82.5 MPH)
|
Batting: LHB Nick Martin
|
0-0: Fly out, F8 (Line Drive, 8LD, EV 90.0 MPH)
|
Batting: LHB Jerry Santana
|
0-0: Ball 1-0: Ball 2-0: Called Strike 2-1: Foul Ball, location: 2F 2-2: Strikes out swinging
|
Bottom of the 4th over - 0 runs, 0 hits, 0 errors, 0 left on base; Portland 0 - Colorado 2 |
TOP OF THE 5TH |
Portland Angels batting - Pitching for Colorado Avalanche : LHP Glenn Lowther
|
Batting: SHB Danny Gelinas
|
0-0: Ball 1-0: Called Strike 1-1: Called Strike 1-2: Ball 2-2: Strikes out swinging
|
Batting: RHB Alex Rosaly
|
0-0: Fly out, F4 (Popup, 34, EV 72.5 MPH)
|
Batting: RHB Carlos Gonzales
|
0-0: Ball 1-0: Ball 2-0: Called Strike 2-1: Called Strike 2-2: Ball 3-2: Strikes out swinging
|
Top of the 5th over - 0 runs, 0 hits, 0 errors, 0 left on base; Portland 0 - Colorado 2 |
BOTTOM OF THE 5TH |
Colorado Avalanche batting - Pitching for Portland Angels : RHP Austin Raymond
|
Batting: RHB Matviy Oliynyk
|
0-0: Ball 1-0: Swinging Strike 1-1: Fly out, F2 (Popup, 25F, EV 85.6 MPH)
|
Batting: LHB Nick Rooney
|
0-0: Ball 1-0: Ball 2-0: Ball 3-0: Called Strike 3-1: Base on Balls
|
Pitching: RHP Jason Vigil
|
|
Batting: SHB Chris Besselman
|
0-0: Foul Ball, location: 2F 0-1: Called Strike 0-2: Strikes out swinging
|
Batting: RHB Eric Delgado
|
0-0: Foul Ball, location: 2F 0-1: Ball 1-1: Ball 2-1: Called Strike 2-2: Foul Ball, location: 2F 2-2: Foul Ball, location: 2F 2-2: Fly out, F9 (Line Drive, 89S, EV 100.6 MPH)
|
Bottom of the 5th over - 0 runs, 0 hits, 0 errors, 1 left on base; Portland 0 - Colorado 2 |
TOP OF THE 6TH |
Portland Angels batting - Pitching for Colorado Avalanche : LHP Glenn Lowther
|
Batting: RHB Mario Martinez
|
0-0: Ball 1-0: Foul Ball, location: 2F 1-1: Foul Ball, location: 2F 1-2: Ball 2-2: SINGLE (Groundball, 6D, EV 110.0 MPH)
|
Batting: RHB Daniel Molina
|
0-0: Ball 1-0: Ball 2-0: Fly out, F6 (Flyball, 56D, EV 90.0 MPH)
|
Batting: RHB Brendan Garoutte
|
0-0: Ball 1-0: Swinging Strike 1-1: Ball Wild Pitch! Mario Martinez to second 2-1: Ground out 6-3 (Groundball, 6, EV 103.1 MPH)
|
Batting: RHB Kyle Gray
|
0-0: Called Strike 0-1: Ball 1-1: Ball 2-1: Ball 3-1: Called Strike 3-2: Ground out 1-3 (Groundball, 13S, EV 70.6 MPH)
|
Top of the 6th over - 0 runs, 1 hit, 0 errors, 1 left on base; Portland 0 - Colorado 2 |
BOTTOM OF THE 6TH |
Colorado Avalanche batting - Pitching for Portland Angels : RHP Jason Vigil
|
Batting: LHB Paul McClintock
|
0-0: Swinging Strike 0-1: Swinging Strike 0-2: Foul Ball, location: 2F 0-2: Foul Ball, location: 2F 0-2: Ball 1-2: Strikes out swinging
|
Batting: RHB Mike McElroy
|
0-0: Fly out, F8 (Flyball, 8RXD, EV 86.9 MPH)
|
Batting: RHB Seisaburo Edagawa
|
0-0: Called Strike 0-1: Ball 1-1: Ground out 6-3 (Groundball, 6M, EV 104.4 MPH)
|
Bottom of the 6th over - 0 runs, 0 hits, 0 errors, 0 left on base; Portland 0 - Colorado 2 |
TOP OF THE 7TH |
Portland Angels batting - Pitching for Colorado Avalanche : LHP Glenn Lowther
|
Batting: RHB Dan Myers
|
0-0: Ball 1-0: SINGLE (Line Drive, 8LS, EV 92.5 MPH)
|
Pinch Hitting: RHB Noah Pena
|
0-0: Called Strike 0-1: Called Strike 0-2: Foul Ball, location: 2F 0-2: Strikes out swinging
|
Batting: SHB Danny Gelinas
|
0-0: Ball 1-0: Ball 2-0: Ball 3-0: Base on Balls Dan Myers to second
|
Pinch Hitting: RHB Dan Thomey
|
0-0: Called Strike 0-1: Ball 1-1: Foul Ball, location: 2F 1-2: Foul Ball, location: 2F 1-2: Ball 2-2: Ball 3-2: Fly out, F8 (Flyball, 8LM, EV 94.4 MPH)
|
Batting: RHB Carlos Gonzales
|
0-0: Called Strike 0-1: Fly out, F8 (Flyball, 8RS, EV 76.2 MPH)
|
Top of the 7th over - 0 runs, 1 hit, 0 errors, 2 left on base; Portland 0 - Colorado 2 |
BOTTOM OF THE 7TH |
Colorado Avalanche batting - Pitching for Portland Angels : RHP Jason Vigil
|
Now at 1B: Dan Thomey
|
|
Now at 2B: Yuya Hirata
|
|
Batting: LHB Nick Martin
|
0-0: Ball 1-0: Called Strike 1-1: Swinging Strike 1-2: Foul Ball, location: 2F 1-2: Ball 2-2: Foul Ball, location: 2F 2-2: Ball 3-2: Foul Ball, location: 2F 3-2: Foul Ball, location: 2F 3-2: Strikes out swinging
|
Batting: LHB Jerry Santana
|
0-0: Ball 1-0: Ball 2-0: Ball 3-0: Base on Balls
|
Pitching: RHP Javier Carrasco
|
|
Batting: RHB Matviy Oliynyk
|
0-0: Ball 1-0: Called Strike 1-1: Foul Ball, location: 2F 1-2: Fielders Choice at 2nd, 4-6 (Groundball, 4, EV 82.5 MPH)
|
Batting: LHB Nick Rooney
|
0-0: Foul Ball, location: 2F 0-1: Called Strike 0-2: Ball 1-2: Strikes out looking
|
Bottom of the 7th over - 0 runs, 0 hits, 0 errors, 1 left on base; Portland 0 - Colorado 2 |
TOP OF THE 8TH |
Portland Angels batting - Pitching for Colorado Avalanche : LHP Glenn Lowther
|
Batting: RHB Arnaud Derosiers
|
0-0: Called Strike 0-1: Hit by Pitch
|
Batting: RHB Daniel Molina
|
0-0: Ball 1-0: Ball 2-0: Ball 3-0: Called Strike 3-1: Base on Balls Arnaud Derosiers to second
|
Batting: RHB Brendan Garoutte
|
0-0: Called Strike 0-1: SINGLE (Flyball, 5D, EV 95.0 MPH) Arnaud Derosiers to third Daniel Molina to second
|
Batting: RHB Kyle Gray
|
0-0: Ball 1-0: Swinging Strike 1-1: Ball 2-1: Swinging Strike 2-2: Foul Ball, location: 2F 2-2: Ball 3-2: Foul Ball, location: 2F 3-2: Grounds into fielders choice 4-2 (Groundball, 4S, EV 79.4 MPH) Daniel Molina to third Brendan Garoutte to second
|
Batting: RHB Dan Myers
|
0-0: Called Strike 0-1: Foul Ball, location: 2F 0-2: Ball 1-2: Ball Wild Pitch! Daniel Molina scores Brendan Garoutte to third Kyle Gray to second 2-2: Ground out 5-3 (Groundball, 15, EV 83.8 MPH) Brendan Garoutte scores
|
Batting: SHB Yuya Hirata
|
0-0: Ball 1-0: Called Strike 1-1: Called Strike 1-2: Foul Ball, location: 2F 1-2: Foul Ball, location: 2F 1-2: Foul Ball, location: 2F 1-2: Ball 2-2: Ground out 6-3 (Groundball, 6, EV 109.4 MPH)
|
Top of the 8th over - 2 runs, 1 hit, 0 errors, 1 left on base; Portland 2 - Colorado 2 |
BOTTOM OF THE 8TH |
Colorado Avalanche batting - Pitching for Portland Angels : RHP Javier Carrasco
|
Batting: SHB Chris Besselman
|
0-0: Ball 1-0: Foul Ball, location: 2F 1-1: Foul Ball, location: 2F 1-2: Ground out U3 (Groundball, 3, EV 91.9 MPH)
|
Batting: RHB Eric Delgado
|
0-0: Ball 1-0: Ball 2-0: Ball 3-0: Called Strike 3-1: Base on Balls
|
Batting: LHB Paul McClintock
|
0-0: Ball 1-0: Swinging Strike 1-1: Ball 2-1: Ball 3-1: Fielders Choice at 2nd, 4-6 (Groundball, 4, EV 90.6 MPH)
|
Batting: RHB Mike McElroy
|
0-0: Ball 1-0: Ball 2-0: Ball 3-0: Called Strike 3-1: Base on Balls Paul McClintock to second
|
Pitching: RHP Nick Kempson
|
|
Pinch Hitting: LHB Daniel Green
|
0-0: Foul Ball, location: 2F 0-1: Swinging Strike 0-2: Ball 1-2: Strikes out swinging
|
Bottom of the 8th over - 0 runs, 0 hits, 0 errors, 2 left on base; Portland 2 - Colorado 2 |
TOP OF THE 9TH |
Portland Angels batting - Pitching for Colorado Avalanche : LHP Glenn Lowther
|
Now in RF: Jack Stadner
|
|
Batting: SHB Danny Gelinas
|
0-0: Called Strike 0-1: Ball 1-1: Ball 2-1: Foul Ball, location: 2F 2-2: SINGLE (Line Drive, 56D, EV 98.8 MPH)
|
Batting: RHB Dan Thomey
|
0-0: Ball 1-0: Called Strike 1-1: Foul Ball, location: 2F 1-2: Ball 2-2: Strikes out swinging
|
Batting: RHB Carlos Gonzales
|
0-0: Ball 1-0: Ball 2-0: Ball 3-0: Called Strike 3-1: Foul Ball, location: 2F 3-2: Fly out, F3 (Line Drive, 3, EV 73.1 MPH) Lined into DP, U3 (Line Drive, 3, EV 68.1 MPH)
|
Top of the 9th over - 0 runs, 1 hit, 0 errors, 0 left on base; Portland 2 - Colorado 2 |
BOTTOM OF THE 9TH |
Colorado Avalanche batting - Pitching for Portland Angels : RHP Nick Kempson
|
Batting: LHB Nick Martin
|
0-0: Called Strike 0-1: Fly out, F8 (Line Drive, 8LD, EV 94.4 MPH)
|
Pinch Hitting: RHB T.J. Williams
|
0-0: Called Strike 0-1: Ball 1-1: Foul Ball, location: 2F 1-2: Ball 2-2: SOLO HOME RUN (Flyball, 89XD, EV 109.4 MPH), Distance : 428 ft
|
Bottom of the 9th over - 1 run, 1 hit, 0 errors, 0 left on base; Portland 2 - Colorado 3 |
|